 Dungeon Crawl Stone Soup version 0.25-a0-1137-g7f6bfe439b (webtiles) character file.

Game seed: 829998377749851744, levelgen mode: deterministic

58 Esekla the Magician (level 3, -1/19 HPs)
             Began as a Deep Elf Wanderer on May 23, 2020.
             Slain by a worm (9 damage)
             ... on level 3 of the Dungeon.
             The game lasted 00:14:24 (1508 turns).

Esekla the Magician (Deep Elf Wanderer)             Turns: 1508, Time: 00:14:25

Health: -1/19      AC:  3    Str:  8    XL:     3   Next: 76%
Magic:  11/12      EV: 12    Int: 19    God:
Gold:   91         SH:  0    Dex: 13    Spells: 9/13 levels left

rFire    . . .     SeeInvis .   e - +0 dagger (venom)
rCold    . . .     Gourm    .   (no shield)
rNeg     . . .     Faith    .   d - +0 robe
rPois    .         Spirit   .   g - +0 helmet
rElec    .         Reflect  .   i - scarf {repulsion}
rCorr    .         Harm     .   (no gloves)
MR       .....                  (no boots)
Stlth    ++........             (no amulet)
HPRegen  0.06/turn              (no ring)
MPRegen  0.13/turn              (no ring)

@: repel missiles
A: no striking features
a: no special abilities


You were on level 3 of the Dungeon.
You were not hungry.

You visited 1 branch of the dungeon, and saw 3 of its levels.

You collected 91 gold pieces.

Inventory:

Hand Weapons
 e - a +0 dagger of venom (weapon)
Missiles
 o - 3 poisoned darts (quivered)
Armour
 b - a +0 cloak
 d - a +0 robe (worn)
 g - a +0 helmet (worn)
 i - a scarf of repulsion (worn)
Wands
 p - a wand of iceblast (9)
Scrolls
 a - a scroll of identify
 k - 4 scrolls of fear
 m - 2 scrolls of teleportation
 n - a scroll of remove curse
Potions
 c - 2 potions of lignification
 j - a potion of flight
 l - a potion of curing {unknown}
Comestibles
 f - 3 rations
 h - a chunk of flesh


   Skills:
 + Level 0.6 Short Blades
 * Level 1.2 Dodging
 + Level 1.7 Stealth
 + Level 5.7 Spellcasting
 * Level 0.9 Conjurations
   Level 1.3 Hexes
   Level 1.5 Charms
   Level 1.1 Translocations
 * Level 2.4 Fire Magic
 + Level 1.1 Evocations


You had 9 spell levels left.
You knew the following spells:

 Your Spells              Type           Power        Failure   Level  Hunger
a - Foxfire               Conj/Fire      ##..         6%          1    None
f - Conjure Flame         Conj/Fire      ##......     17%         3    ##.....

Your spell library contained the following spells:

 Spells                   Type           Power        Failure   Level  Hunger
 Sandblast                Erth           #.....       12%         1    None
 Inner Flame              Hex/Fire       ##......     16%         3    ##.....
 Stone Arrow              Conj/Erth      #.....       28%         3    ##.....
 Sticky Flame             Conj/Fire      ##......     50%         4    ####...
 Fireball                 Conj/Fire      ##........   85%         5    #####..


Dungeon Overview and Level Annotations

Branches:
Dungeon (3/15)

Altars:
Ru
Trog


Message History

You conjure some foxfire!
The foxfire hits the worm.
The worm is moderately wounded.
The foxfire hits the worm.
The worm is heavily wounded.
You hit the worm but do no damage.
The worm is heavily wounded.
You barely miss the worm.
The worm is heavily wounded.
The worm bites you! The worm bites you.
Casting: Foxfire (safe; 6% risk of failure)
Confirm with . or Enter, or press ? or * to list all spells.
You conjure some foxfire!
The foxfire hits the worm.
The worm is heavily wounded.
The foxfire hits the worm.
The worm is severely wounded.
The worm bites you!
You die...

#.. .#.#.....#.# ....
........##.## .#.#
S..........#. ###[#.#
.#.#######.#. #>..#.# ##..
#### #...#.# #..
#....##.##.##############..
#........w.ยงยง..............
..##...@###############.
###### #. #. ## # # #


You could see a worm.

Vanquished Creatures
  2 adders
  2 worms
  2 leopard geckos
  7 goblins
  5 hobgoblins
  A quokka (D:2)
  4 bats
  5 frilled lizards
  4 kobolds
  4 rats (D:1)
36 creatures vanquished.

Vanquished Creatures (others)
  58 foxfires
58 creatures vanquished.

Grand Total: 94 creatures vanquished

Notes
Turn   | Place    | Note
-------+----------+-------------------------------------------
     0 | D:1      | Esekla the Deep Elf Wanderer began the quest for the Orb.
     0 | D:1      | Esekla set off with the following items: a +0 dagger, a
                  | potion of lignification, a +0 robe, a ration; and the
                  | following spells available to memorise: Foxfire, Sandblast,
                  | Inner Flame, Conjure Flame, Stone Arrow, Sticky Flame,
                  | Fireball
     0 | D:1      | Reached XP level 1. HP: 10/10 MP: 7/7
     2 | D:1      | Learned a level 1 spell: Foxfire
   282 | D:1      | Reached skill level 5 in Spellcasting
   290 | D:1      | Reached XP level 2. HP: 13/15 MP: 7/10
   958 | D:2      | Found a sacrificial altar of Ru.
  1134 | D:2      | Reached skill level 1 in Dodging
  1134 | D:2      | Reached XP level 3. HP: 10/19 MP: 7/12
  1276 | D:2      | Found a bloodstained altar of Trog.
  1331 | D:2      | Learned a level 3 spell: Conjure Flame
  1508 | D:3      | Slain by a worm

Illustrated notes

Levels and vault maps discovered:
D:1:      heliophobic_arrival_battle_scene, layout_loops_ring
D:2:      layout_basic, nicolae_ru_awakened_eye,
          nicolae_dithmenos_through_a_glass_darkly, minmay_misc_feat_nine_boxes,
          trog_three_pillars_becter, uniq_sigmund
D:3:      layout_basic, first_ration, cheibrodos_sewer_entry_bend

Skill      XL: |  1  2 |
---------------+-------+-----
Spellcasting   | 5 |  5.7
Dodging        | 1 |  1.2
Short Blades   | |  0.6
Stealth        | |  1.7
Conjurations   | |  0.9
Hexes          | |  1.3
Charms         | |  1.5
Translocations | |  1.1
Fire Magic     | |  2.4
Evocations     | |  1.1

Action                   || total
-------------------------++-------
Melee: Dagger            ||    50
 Cast: Foxfire           ||    32
  Use: Scroll            ||     5
 Stab: Sleeping          ||     5
  Eat: Chunk             ||     2
Armor: Robe              ||     8
Dodge: Dodged            ||    30
       Repelled          ||     2

Table legend:
 A = Non-vault XP
 B = Vault XP
 C = Vault XP percentage of total XP
 D = Non-vault monster count
 E = Vault monster count
 F = Vault count percentage of total count
                 A         B        C        D         E       F
            +---------+---------+-------+---------+---------+-------
      Total |      84 |       0 |   0.0 |      36 |       0 |   0.0
            +---------+---------+-------+---------+---------+-------
        D:1 |      27 |       0 |   0.0 |      19 |       0 |   0.0
        D:2 |      36 |       0 |   0.0 |      13 |       0 |   0.0
        D:3 |      21 |       0 |   0.0 |       4 |       0 |   0.0
            +---------+---------+-------+---------+---------+-------
